 Dungeon Crawl Stone Soup version 0.24-a0-22-g2a401c0 (webtiles) character file.

Game seed: 6253497129974432307

98 ohad the Cudgeler (level 4, 0/48 HPs)
             Began as an Ogre Berserker on Feb 1, 2019.
             Was a Believer of Trog.
             Slain by a worker ant (2 damage)
             ... on level 4 of the Dungeon.
             The game lasted 00:04:22 (3358 turns).

ohad the Cudgeler (Ogre Berserker)                  Turns: 3358, Time: 00:04:23

Health: 0/48       AC:  3    Str: 21    XL:     4   Next: 69%
Magic:  4/4        EV: 10    Int:  8    God:    Trog [**....]
Gold:   205        SH:  0    Dex:  9    Spells: 3/3 levels left

rFire    . . .     SeeInvis .   a - +0 mace
rCold    . . .     Gourm    .   (no shield)
rNeg     + . .     Faith    .   b - +0 animal skin
rPois    .         Spirit   .   (helmet restricted)
rElec    .         Reflect  .   (no cloak)
rCorr    .         Harm     .   (gloves unavailable)
MR       ++...                  (boots unavailable)
Stlth    +.........             (no amulet)
HPRegen  1.16/turn              s - ring of positive energy
MPRegen  0.09/turn              (no ring)

@: confused, lethally poisoned (0 -> -1), regenerating
A: large, unfitting armour, tough skin 1
a: Berserk, Trog's Hand, Renounce Religion


You were on level 4 of the Dungeon.
You worshipped Trog.
Trog was pleased with you.
You were not hungry.

You visited 1 branch of the dungeon, and saw 4 of its levels.

You collected 205 gold pieces.

Inventory:

Hand Weapons
 a - a +0 mace (weapon)
 o - a +0 flail
Missiles
 t - 21 poisoned needles
Armour
 b - a +0 animal skin (worn)
Jewellery
 s - a ring of positive energy (left hand)
Scrolls
 f - 3 scrolls of remove curse {unknown}
 g - 2 scrolls of fog {unknown}
 i - 2 scrolls of teleportation {unknown}
 j - 4 scrolls of enchant armour {unknown}
 k - 2 scrolls of enchant weapon {unknown}
 m - 3 scrolls of identify {unknown}
 p - a scroll of amnesia {unknown}
Potions
 d - a potion of degeneration {unknown}
 e - a potion of curing {unknown}
 h - a potion of brilliance {unknown}
 l - a potion of ambrosia
 n - a potion of agility {unknown}
 r - a potion of heal wounds {unknown}
Comestibles
 c - 5 rations
 q - a chunk of flesh


   Skills:
 - Level 4.0 Fighting
 + Level 4.8 Maces & Flails
 - Level 2.6 Dodging


You had 3 spell levels left.
You didn't know any spells.
Your spell library was empty.

Dungeon Overview and Level Annotations

Branches:
Dungeon (4/15)
 Temple: D:4-7

Altars:

Annotations:
D:4 1 transporter


Innate Abilities, Weirdness & Mutations

You are too large for most types of armour.
You have tough skin. (AC +1)


Message History

You are more poisoned.
The worker ant poisons you! The worker ant closely misses you.
Your skin crawls.
You feel resistant to hostile enchantments.
You feel somewhat more hungry.
You feel sick. The worker ant barely misses you.
* * * LOW HITPOINT WARNING * * *
You feel sick.
* * * LOW HITPOINT WARNING * * *
You feel sick.
There is a stone staircase leading up here.
You can't go down here!
Unknown command.
You can't go down here!
Unknown command.
It was a potion of ambrosia.
You are confused.
You feel invigorated.
You feel sick. The worker ant bites you.
* * * LOW HITPOINT WARNING * * *
The worker ant bites you.
You die...

#..##..#
###......
.##.......#
..........#
..........#
⌠.........##
..........©#
.
#...@..##..#
#.#.aa.#©..#
##...##...
#....#..# .
##...##..#
#....# ....
......# ..##
........ ..#
........# .#


You could see 2 worker ants.

Vanquished Creatures
  5 adders
  An ooze (D:3)
  2 worms (D:2)
  A dart slug (D:3)
  6 bats
  A giant cockroach (D:1)
  4 goblins
  6 hobgoblins
  3 jackals (D:1)
  A quokka (D:3)
  2 ball pythons
  2 frilled lizards
  4 kobolds
  6 rats
44 creatures vanquished.

Notes
Turn   | Place    | Note
-------+----------+-------------------------------------------
     0 | D:1      | ohad the Ogre Berserker began the quest for the Orb.
     0 | D:1      | Reached XP level 1. HP: 24/24 MP: 1/1
   217 | D:1      | Reached XP level 2. HP: 22/32 MP: 2/2
   658 | D:1      | Reached XP level 3. HP: 32/39 MP: 3/3
   767 | D:2      | Reached ** piety under Trog
  1846 | D:2      | Reached XP level 4. HP: 40/48 MP: 4/4
  3340 | D:4      | Found a transporter.
  3357 | D:4      | HP: 2/48 [poisoned by a worker ant]
  3358 | D:4      | Slain by a worker ant

Vault maps used:
D:1:      scummos_arrival_gate
D:4:      temple_fountains, first_ration, gammafunk_ghost_stat_death

Skill      XL: |  1  2  3 |
---------------+----------+-----
Maces & Flails | 3 4 |  4.8
Fighting       | |  4.0
Dodging        | |  2.6

Action                   |  1- 3 |  4- 6 || total
-------------------------+-------+-------++-------
Melee: Mace              |   117 |    51 ||   168
       Flail             |       |    16 ||    16
Invok: Trog's Hand       |     1 |     1 ||     2
       Berserk           |     1 |       ||     1
  Use: Potion            |       |     1 ||     1
  Eat: Chunk             |     4 |     5 ||     9
Armor: Animal skin       |    37 |    10 ||    47
Dodge: Dodged            |    79 |    35 ||   114

Table legend:
 A = Non-vault XP
 B = Vault XP
 C = Vault XP percentage of total XP
 D = Non-vault monster count
 E = Vault monster count
 F = Vault count percentage of total count
                 A         B        C        D         E       F
            +---------+---------+-------+---------+---------+-------
      Total |     140 |       0 |   0.0 |      44 |       0 |   0.0
            +---------+---------+-------+---------+---------+-------
        D:1 |      34 |       0 |   0.0 |      22 |       0 |   0.0
        D:2 |      56 |       0 |   0.0 |      10 |       0 |   0.0
        D:3 |      50 |       0 |   0.0 |      12 |       0 |   0.0
            +---------+---------+-------+---------+---------+-------
